 Dungeon Crawl Stone Soup version 0.17.0-15-g6d90897 (webtiles) character file.

98 McCoppin the Bolt Thrower (level 5, 0/38 HPs)
             Began as a Formicid Hunter on Nov 11, 2015.
             Slain by a gnoll
             ... wielding a +0 flail
              (8 damage)
             ... on level 3 of the Dungeon.
             The game lasted 00:06:28 (1955 turns).

McCoppin the Bolt Thrower (Formicid Hunter)         Turns: 1955, Time: 00:06:28

Health: 0/38       AC:  3    Str: 18    XL:     5   Next: 1%
Magic:  5/5        EV: 11    Int: 10    God:
Gold:   63         SH:  0    Dex: 11    Spells: 0 memorised, 4 levels left

rFire  . . .     SeeInvis +     c - +0 short sword
rCold  . . .     Clarity  .     d - +0 leather armour
rNeg   . . .     SustAt   .     (no shield)
rPois  .         Gourm    .     (helmet unavailable)
rElec  .         Spirit   .     (no cloak)
rCorr  .         Warding  .     (no gloves)
rMut   .         Stasis   +     (no boots)
MR     .....                    (no amulet)
Stlth  +.........               (no ring)
                                (no ring)

@: not resistant to hostile enchantments, very unstealthy
A: permanent stasis, dig shafts and tunnels, four strong arms, antennae 3
a: Dig, Shaft Self


You were on level 3 of the Dungeon.
You were not hungry.

You visited 1 branch of the dungeon, and saw 3 of its levels.

You collected 63 gold pieces.

Inventory:

Hand Weapons
 a - a +1 hand crossbow
 c - a +0 short sword (weapon)
Missiles
 b - 9 bolts
 q - 22 poisoned needles
Armour
 d - a +0 leather armour (worn)
Wands
 n - a wand of digging (13)
Scrolls
 i - a scroll of recharging {unknown}
 m - a scroll of teleportation {unknown}
 o - a scroll of amnesia {unknown}
 r - 5 scrolls of magic mapping {unknown}
 s - 2 scrolls of identify {unknown}
Potions
 f - a potion of lignification {unknown}
 h - a potion of brilliance {unknown}
 j - a potion of magic {unknown}
 k - 3 potions of degeneration {unknown}
 l - a potion of flight {unknown}
 t - a potion of ambrosia {unknown}
Comestibles
 e - a bread ration
 g - 5 fruits


   Skills:
 - Level 2.1 Fighting
 + Level 5.9 Crossbows
 - Level 1.7 Dodging
 - Level 1.2 Stealth


You had 4 spell levels left.
You didn't know any spells.

Dungeon Overview and Level Annotations

Branches:
Dungeon (3/15)

Altars:


Innate Abilities, Weirdness & Mutations

You are under a permanent stasis effect.
You can dig through walls and to a lower floor.
Your four strong arms can wield two-handed weapons with a shield.
You have a pair of large antennae on your head (SInv).


Message History

You completely miss the gnoll.
The gnoll is heavily wounded.
The gnoll hits you with a flail!
You are too injured to fight recklessly!
You are too injured to fight recklessly!
You are too injured to fight recklessly!
You barely miss the gnoll.
The gnoll is heavily wounded.
The gnoll closely misses you.
You hit the gnoll but do no damage.
The gnoll is heavily wounded.
The gnoll barely misses you.
You closely miss the gnoll.
The gnoll is heavily wounded.
The gnoll hits you with a flail!
* * * LOW HITPOINT WARNING * * *
You hit the gnoll but do no damage.
The gnoll is heavily wounded.
The gnoll hits you with a flail!
You die...

### ....# ## #.#.###
#. ......# #. #.#<#.#
#. #.#.#.#
.#####.##.#.#.#
..........#.#.#######
##........g@..)))..#
#......##.##.#####.#
#......##.##.#####.#
........##.##.##.##.#
.#.....###.##.#.#.#.#
#..... #.##..###..#
#≈≈.≈≈ #....## ##.#
#g≈.≈g #.###.###.##
#≈≈.≈≈ # ##.#.##


You could see a gnoll.

Vanquished Creatures
  An adder (D:2)
  2 gnolls (D:3)
  An ooze (D:1)
  2 worms (D:2)
  3 giant geckos (D:1)
  4 orcs (D:3)
  7 bats
  4 giant cockroaches
  7 goblins
  3 hobgoblins
  5 jackals
  2 kobolds
  A quokka (D:2)
  3 giant newts
  8 rats
53 creatures vanquished.

Notes
Turn   | Place    | Note
--------------------------------------------------------------
     0 | D:1      | McCoppin the Formicid Hunter began the quest for the Orb.
     0 | D:1      | Reached XP level 1. HP: 16/16 MP: 1/1
    55 | D:1      | Reached XP level 2. HP: 22/22 MP: 2/2
   280 | D:1      | Reached XP level 3. HP: 25/27 MP: 3/3
   644 | D:2      | Reached skill level 5 in Crossbows
   919 | D:2      | Reached XP level 4. HP: 33/33 MP: 4/4
  1755 | D:3      | Reached XP level 5. HP: 17/38 MP: 5/5
  1955 | D:3      | Slain by a gnoll

Action                   |  1- 3 |  4- 6 || total
-------------------------+-------+-------++-------
Melee: Short sword       |    18 |    75 ||    93
 Fire: Hand crossbow     |    47 |    29 ||    76
 Stab: Sleeping          |       |     1 ||     1
  Eat: Chunk             |       |     3 ||     3
